 Dungeon Crawl Stone Soup version 0.31-a0-202-g547052bce9 (webtiles) character file.

Game seed: 1599920065449228126

496 qw the Skirmisher (level 6, -3/36 HPs)
             Began as a Deep Elf Hunter on June 26, 2023.
             Slain by a gnoll
             ... wielding a +0 vampiric spear
              (9 damage)
             ... on level 5 of the Dungeon.
             The game lasted 00:01:01 (2540 turns).

qw the Skirmisher (Deep Elf Hunter)                 Turns: 2540, Time: 00:01:02

Health: -3/36      AC:  5    Str: 10    XL:     6   Next: 93%
Magic:  8/8        EV: 11    Int: 14    God:
Gold:   191        SH:  0    Dex: 18    Spells: 5/5 levels left

rFire   . . .        Y - +2 shortbow
rCold   . . .        (shield currently unavailable)
rNeg    . . .        a - +0 ring mail
rPois   +            (no helmet)
rElec   .            (no cloak)
rCorr   .            (no gloves)
SInv    .            (no boots)
Will    .....        (no amulet)
Stlth   +            h - ring of poison resistance
HPRegen 0.26/turn    (no ring)
MPRegen 0.11/turn

%: no passive effects
@: no status effects
A: no striking features
a: no special abilities


You were on level 5 of the Dungeon.
You visited 1 branch of the dungeon, and saw 5 of its levels.

You collected 254 gold pieces.
You spent 63 gold pieces at shops.


   Skills:
 - Level 2.4 Fighting
 + Level 10.2 Ranged Weapons
 - Level 3.2 Dodging
 - Level 1.2 Stealth


You had 5 spell levels left.
You didn't know any spells.
Your spell library was empty.

Inventory:

Hand Weapons
 Y - a +2 shortbow (weapon)
Armour
 a - a +0 ring mail (worn)
Jewellery
 h - a ring of poison resistance (left hand)
Scrolls
 c - a scroll of identify
Potions
 b - a potion of enlightenment
 d - 2 potions of magic {unknown}
 e - a potion of degeneration {unknown}
 f - a potion of curing {unknown}
 g - a potion of resistance {unknown}
 i - a potion of might {unknown}

Dungeon Overview and Level Annotations

Branches:
Dungeon (5/15)
 Temple: D:4-7

Altars:

Shops:
D:2 *


Message History

The hound barks!
You hear a shout!
An orc priest comes into view. It is wielding a +0 club.
The hound bites you but does no damage.
You hear a bark!
You shoot an arrow. The arrow barely misses the hound.
The hound bites you but does no damage. The hound closely misses you.
You shoot an arrow. The arrow closely misses the hound.
The gnoll misses you. The hound barely misses you.
The hound closely misses you.
You shoot an arrow. The arrow hits the hound.
The hound is heavily wounded.
The hound bites you but does no damage. The hound barely misses you.
The orc priest casts a cantrip, but nothing happens.
The gnoll hits you from afar with a +0 vampiric spear.
The hound barely misses you. The hound bites you but does no damage.
The orc barely misses you.
The gnoll hits you from afar with a +0 vampiric spear.
You shoot an arrow. The arrow hits the hound!
You kill the hound!
The hound barely misses you.
The gnoll hits you from afar with a +0 vampiric spear.
The hound closely misses you. The orc hits you with a +0 whip.
Your Dodging skill increases to level 3!
You shoot an arrow. The arrow hits the hound.
The hound is lightly wounded.
The hound bites you but does no damage. The orc closely misses you.
The gnoll hits you from afar with a +0 vampiric spear.
You shoot an arrow. The arrow closely misses the hound.
The hound bites you.
The gnoll hits you from afar with a +0 vampiric spear.
The gnoll draws strength from your wounds!
The hound closely misses you.
The orc roars to no one in particular.
The orc misses you.
You shoot an arrow. The arrow hits the hound!
The hound is severely wounded.
The hound bites you but does no damage. The orc priest closely misses you.
The orc hits you but does no damage.
The gnoll hits you from afar with a +0 vampiric spear!
You die... #.... #...# ....## #.$.. #...# #...# #hoo#

# #.@.# #.#>.##
#.###.#.g#
.........#
.####.#.(######
#.#........ #
#..######
.####.#..#
.........##


You could see a hound, an orc priest, a gnoll and an orc.

Vanquished Creatures
  An ogre (D:4)
  A phantom (D:4)
  A bullfrog (D:4)
  A scorpion (D:4)
  A hound (D:5)
  Natasha (thrice) (D:2)
  2 adders
  2 gnolls (D:4)
  A worm (D:2)
  4 dart slugs
  7 ball pythons
  4 bats
  8 endoplasms
  2 giant cockroaches (D:1)
  5 goblins
  7 hobgoblins
  3 jackals (D:2)
  10 kobolds
  2 quokkas (D:2)
  2 frilled lizards (D:1)
  14 rats
81 creatures vanquished.

Notes
Turn   | Place    | Note
-------+----------+-------------------------------------------
     0 | D:1      | qw the Deep Elf Hunter began the quest for the Orb.
     0 | D:1      | Reached XP level 1. HP: 12/12 MP: 3/3
     0 | D:1      | 0 ||| qw: Version: 0.3-a-22-g0ed2b0b
     0 | D:1      | 0 ||| qw: Game counter: 5930
     0 | D:1      | 0 ||| qw: Melee chars always use a shield: true
     0 | D:1      | 0 ||| qw: God list: Okawaru
     0 | D:1      | 0 ||| qw: Allow faded altars: false
     0 | D:1      | 0 ||| qw: Do Orc after clearing Dungeon:15 true
     0 | D:1      | 0 ||| qw: Do second Lair branch before Depths: true
     0 | D:1      | 0 ||| qw: Lair rune preference: random
     0 | D:1      | 0 ||| qw: Goals: Normal
     0 | D:1      | 0 ||| PLANNING D:1-11
   215 | D:1      | Reached XP level 2. HP: 16/16 MP: 4/4
   225 | D:1      | Reached skill level 6 in Ranged Weapons
   678 | D:1      | 678 ||| UPGRADING to ring of poison resistance.
   679 | D:1      | 679 ||| READING scroll labelled IXTAFO ECSA.
   680 | D:1      | 680 ||| READING scroll labelled LOUHATA PYVU.
   681 | D:1      | 681 ||| READING scroll labelled TATI DYRA.
   686 | D:1      | 686 ||| DROPPING scroll of butterflies.
   701 | D:2      | Found Hatucur's Assorted Antiques.
   705 | D:2      | Reached XP level 3. HP: 20/20 MP: 5/5
   760 | D:2      | Reached skill level 7 in Ranged Weapons
   767 | D:2      | Noticed Natasha
   772 | D:2      | Killed Natasha
   773 | D:2      | Reached XP level 4. HP: 25/25 MP: 6/6
   792 | D:2      | Noticed Natasha
   796 | D:2      | 796 ||| FLEEEEING.
   802 | D:2      | Killed Natasha
   804 | D:2      | 804 ||| STAIRDANCE
   826 | D:1      | 826 ||| UPGRADING to +0 ring mail.
   836 | D:1      | 836 ||| DROPPING +0 leather armour.
   887 | D:2      | Reached skill level 8 in Ranged Weapons
   956 | D:2      | 956 ||| BUYING 3 scrolls labelled NUXKOCOZUL (63 gold).
   956 | D:2      | Bought 3 scrolls labelled NUXKOCOZUL for 63 gold pieces
   956 | D:2      | 956 ||| SHOPLISTING bubbling emerald potion (18 gold, have
                  | 16).
   956 | D:2      | 956 ||| SHOPLISTING emerald potion (18 gold, have 16).
   956 | D:2      | 956 ||| SHOPLISTING scroll labelled XUUFFU EMEM (21 gold,
                  | have 16).
  1042 | D:2      | Noticed Natasha
  1051 | D:2      | Killed Natasha
  1146 | D:2      | Reached XP level 5. HP: 29/29 MP: 7/7
  1164 | D:2      | 1164 ||| READING 3 scrolls labelled NUXKOCOZUL.
  1165 | D:2      | 1165 ||| DROPPING 2 scrolls of revelation.
  1215 | D:3      | 1215 ||| READING scroll of enchant weapon.
  1215 | D:3      | 1215 ||| ENCHANTING +1 shortbow.
  1760 | D:4      | Reached skill level 9 in Ranged Weapons
  1974 | D:4      | Reached XP level 6. HP: 28/36 MP: 8/8
  2231 | D:4      | 2231 ||| DROPPING ring of magical power.
  2232 | D:4      | 2232 ||| READING scroll labelled TOGOFU RENUJ.
  2233 | D:4      | 2233 ||| READING 2 scrolls labelled UTIRAU WI ATICH.
  2298 | D:4      | 2298 ||| READING scroll labelled FONEFO UFIS.
  2299 | D:4      | 2299 ||| READING scroll labelled PEYSAIRIGHI.
  2300 | D:4      | 2300 ||| READING 2 scrolls of identify.
  2300 | D:4      | 2300 ||| IDENTIFYING purple potion
  2301 | D:4      | 2301 ||| DROPPING scroll of torment.
  2333 | D:5      | Entered Level 5 of the Dungeon
  2334 | D:5      | 2334 ||| PLANNING SEWER
  2337 | D:5      | 2337 ||| STAIRDANCE
  2345 | D:4      | Reached skill level 10 in Ranged Weapons
  2360 | D:5      | 2360 ||| STAIRDANCE
  2368 | D:4      | HP: 8/36 [gnoll/+0 club (7)]
  2372 | D:4      | HP: 3/36 [gnoll/+0 club (6)]
  2504 | D:5      | 2504 ||| STAIRDANCE
  2538 | D:5      | Reached skill level 3 in Dodging
  2539 | D:5      | HP: 6/36 [gnoll/+0 vampiric spear (4)]
  2540 | D:5      | Slain by a gnoll

Levels and vault maps discovered:
D:1:      minmay_arrival_open_corners, layout_basic
D:2:      layout_basic, serial_shops, nicolae_shop_just_a_little_nook,
          minmay_rat_gold_closets, uniq_natasha
D:3:      layout_basic, minmay_misc_feat_ornament, hex_tiny
D:4:      layout_gridville
D:5:      layout_loops_ring, lemuel_crystal_altar, temple_hall,
          gup_sewer_entry_spiral, hangedman_decor_peaks_small, st_stairs_1,
          grunt_ministairs_3

Skill      XL: |  1  2  3  4  5  6 |
---------------+-------------------+-----
Ranged Weapons | 6 7 8 9 10 | 10.2
Fighting       | 2 |  2.4
Dodging        | 3 |  3.2
Stealth        | |  1.2

Action                     |  1- 3 |  4- 6 || total
---------------------------+-------+-------++-------
   Fire: Shortbow          |    68 |   151 ||   219
    Use: Scroll            |     3 |     7 ||    10
 Armour: Leather armour    |     2 |       ||     2
         Ring mail         |       |    19 ||    19
  Dodge: Dodged            |     4 |    44 ||    48

Table legend:
 A = Non-vault XP
 B = Vault XP
 C = Vault XP percentage of total XP
 D = Non-vault monster count
 E = Vault monster count
 F = Vault count percentage of total count
                 A         B        C        D         E       F
            +---------+---------+-------+---------+---------+-------
      Total |     667 |      42 |   5.9 |      71 |      10 |  12.3
            +---------+---------+-------+---------+---------+-------
        D:1 |      36 |       0 |   0.0 |      20 |       0 |   0.0
        D:2 |     118 |      42 |  26.2 |      21 |      10 |  32.3
        D:3 |      31 |       0 |   0.0 |      12 |       0 |   0.0
        D:4 |     436 |       0 |   0.0 |      16 |       0 |   0.0
        D:5 |      46 |       0 |   0.0 |       2 |       0 |   0.0
            +---------+---------+-------+---------+---------+-------
